 Dungeon Crawl Stone Soup version 0.23.2-11-gf996548c65 (webtiles) character file.

Game seed: 2706182377532847473

945 MalarOregon the Ruffian (level 8, -1/68 HPs)
             Began as a Ghoul Fighter on June 6, 2019.
             Was an Initiate of Makhleb.
             Slain by a sky beast (6 damage)
             ... on level 8 of the Dungeon.
             The game lasted 00:06:59 (3259 turns).

MalarOregon the Ruffian (Ghoul Fighter)             Turns: 3259, Time: 00:07:00

Health: -1/68      AC:  6    Str: 25    XL:     8   Next: 13%
Magic:  7/7        EV: 14    Int:  5    God:    Makhleb [......]
Gold:   256        SH: 10    Dex: 13    Spells: 7/7 levels left

rFire    . . .     SeeInvis .     - Unarmed
rCold    + . .     Gourm    .   b - +0 shield
rNeg     + + +     Faith    +   a - +0 scale mail
rPois    ∞         Spirit   .   (no helmet)
rElec    .         Reflect  .   u - +0 cloak
rCorr    .         Harm     .   h - +1 pair of gloves
MR       .....                  (no boots)
Stlth    ++........             o - amulet of faith {!P}
HPRegen  0.00/turn              d - ring of stealth
MPRegen  0.10/turn              (no ring)

@: mighty, agile, corroded, rotting
A: rotting body, claws 1, carnivore, cold resistance 1, negative energy
resistance 3, inhibited regeneration, torment resistance, unbreathing
a: Renounce Religion


You were on level 8 of the Dungeon.
You worshipped Makhleb.
Makhleb was noncommittal.
You were not hungry.

You visited 1 branch of the dungeon, and saw 6 of its levels.

You collected 256 gold pieces.

Inventory:

Armour
 a - a +0 scale mail (worn)
 b - a +0 shield (worn)
 h - a +1 pair of gloves (worn)
   (You found it on level 1 of the Dungeon)
 q - +0 ice dragon scales
   (You found it on level 8 of the Dungeon)
 u - a +0 cloak (worn)
   (You found it on level 4 of the Dungeon)
Jewellery
 d - a ring of stealth (left hand)
   (You found it on level 3 of the Dungeon)
 f - a cursed ring of teleportation {unknown}
   (You found it on level 4 of the Dungeon)
 o - an amulet of faith (around neck) {!P}
   (You found it on level 2 of the Dungeon)
Wands
 t - a wand of flame (20)
   (You found it on level 4 of the Dungeon)
 x - a wand of acid (5)
   (You found it on level 4 of the Dungeon)
Scrolls
 j - 3 scrolls of remove curse {@r2}
 l - a scroll of enchant armour
 p - a scroll of enchant weapon
Potions
 c - a potion of might
 r - a potion of brilliance
 v - a potion of magic
Comestibles
 e - 6 rations {!d}
 m - 8 chunks of flesh


   Skills:
 + Level 5.2 Fighting
 + Level 4.2 Armour
 + Level 3.0 Dodging
 + Level 4.3 Shields
 * Level 6.1 Unarmed Combat


You had 7 spell levels left.
You didn't know any spells.
Your spell library contained the following spells:

 Spells                   Type           Power        Failure   Level  Hunger
 Magic Dart               Conj           #...         99%         1    ##.....
 Blink                    Tloc           N/A          100%        2    ###....
 Call Imp                 Summ           #.......     100%        2    ###....
 Slow                     Hex            #.......     100%        2    ###....
 Conjure Flame            Conj/Fire      #.......     100%        3    ####...
 Mephitic Cloud           Conj/Pois/Air  #.......     100%        3    ####...


Dungeon Overview and Level Annotations

Branches:
Dungeon (5/15)
 Temple: D:4-7

Altars:
Ashenzari
Fedhas
Makhleb

Shops:
D:4 %


Innate Abilities, Weirdness & Mutations

Your body is rotting away.
You thrive on raw meat.
You are immune to poison.
You have sharp fingernails.
You are carnivorous and can eat meat at any time.
Your flesh is cold resistant. (rC+)
You are immune to negative energy. (rN+++)
You do not regenerate when monsters are visible.
You are immune to unholy pain and torment.
You can survive without breathing.


Message History

You feel strangely unstable.
Your surroundings suddenly seem different.
The centaur shouts!
The worker ant twitches its antennae in your direction.
The crimson imp shouts!
The jackal barks!
The centaur wields a +0 shortbow.
The centaur shoots an arrow.
You block the arrow.
Found an arrow.
You see here an arrow.
Okay, then.
It was a potion of curing.
You feel better.
The sky beast flickers out of sight!
Deactivating autopickup; reactivate with Ctrl-A.
It was a potion of agility.
You feel agile all of a sudden. You block the jackal's attack.
You block the worker ant's attack.
You feel very mighty all of a sudden. You block the jackal's attack.
The worker ant misses you.
You completely miss the crimson imp.
The jelly quivers.
The jackal closely misses you. The worker ant closely misses you.
You block the jackal's attack.
The crimson imp blinks!
You punch the centaur!
The centaur unwields a +0 shortbow.
The centaur hits you.
* * * LOW HITPOINT WARNING * * *
The jackal bites you but does no damage.
You block the worker ant's attack.
You punch the centaur!
You kill the centaur!
Makhleb accepts your kill.
Your Dodging skill increases to level 3!
Your Unarmed Combat skill increases to level 6!
You block the jackal's attack. The worker ant closely misses you.
The crimson imp blinks!
The jackal barely misses you.
You punch the worker ant!
You kill the worker ant!
Makhleb accepts your kill. The jackal barely misses you.
Unknown command.
Your shield prevents you from hitting the jackal.
Something hits you but does no damage.
The jackal bites you but does no damage.
The crimson imp closely misses you.
You punch the jelly! The acid corrodes you!
Your hands burn!
* * * LOW HITPOINT WARNING * * *
The jackal barely misses you. Something hits you.
* * * LOW HITPOINT WARNING * * *
Something shocks you.
You die...

..........######
..............
..............
<.............
####.......^..
#.........##
#.........#
#.).h...S..
#..@J.....#
#.5........
#.........#
#.........#
#.........#
#.........#
##.......##
##.....##


You could see a jelly, a crimson imp, an adder and a jackal.

Vanquished Creatures
  An ice beast (D:5)
  An ogre (D:5)
  A phantom (D:8)
  2 centaurs
  A scorpion (D:8)
  2 hounds (D:4)
  An orc wizard (D:4)
  A bullfrog skeleton (D:4)
  6 worker ants
  4 gnolls
  9 adders
  An ooze (D:3)
  6 worms
  2 dart slugs
  A leopard gecko (D:3)
  10 orcs
  4 ball pythons
  3 bats
  9 giant cockroaches
  6 hobgoblins
  2 jackals (D:1)
  8 kobolds
  4 quokkas
  6 frilled lizards
  3 goblins
  A leopard gecko skeleton (D:5)
  6 rats
101 creatures vanquished.

Notes
Turn   | Place    | Note
-------+----------+-------------------------------------------
     0 | D:1      | MalarOregon the Ghoul Fighter began the quest for the Orb.
     0 | D:1      | Reached XP level 1. HP: 19/19 MP: 0/0
    51 | D:1      | Reached XP level 2. HP: 3/26 MP: 1/1
   776 | D:2      | Reached XP level 3. HP: 31/31 MP: 2/2
   829 | D:2      | Reached skill level 3 in Unarmed Combat
   928 | D:2      | Found a shattered altar of Ashenzari.
  1009 | D:2      | Reached XP level 4. HP: 32/40 MP: 3/3
  1028 | D:2      | Reached skill level 1 in Dodging
  1241 | D:2      | Found a faded altar of an unknown god.
  1471 | D:3      | Reached XP level 5. HP: 33/46 MP: 4/4
  1514 | D:3      | You fall through a shaft!
  1587 | D:4      | Reached skill level 4 in Unarmed Combat
  1606 | D:3      | Found a blossoming altar of Fedhas.
  1658 | D:4      | Reached XP level 6. HP: 25/52 MP: 5/5
  2202 | D:4      | Found Rexzus Wiack's Food Boutique.
  2507 | D:4      | Reached XP level 7. HP: 59/60 MP: 6/6
  2579 | D:5      | Entered Level 5 of the Dungeon
  2612 | D:5      | Reached skill level 5 in Unarmed Combat
  3091 | D:5      | Found a burning altar of Makhleb.
  3105 | D:5      | Became a worshipper of Makhleb the Destroyer
  3169 | D:5      | You fall through a shaft for 3 floors!
  3204 | D:8      | Reached skill level 5 in Fighting
  3228 | D:8      | Reached XP level 8. HP: 43/68 MP: 7/7
  3256 | D:8      | Reached skill level 6 in Unarmed Combat
  3259 | D:8      | Slain by a sky beast

Skill      XL: |  1  2  3  4  5  6  7  8 |
---------------+-------------------------+-----
Shields        | 3 4 |  4.3
Unarmed Combat | 3 4 5 6 |  6.1
Armour         | 3 4 |  4.2
Dodging        | 1 2 3 |  3.0
Fighting       | 4 5 |  5.2

Action                   |  1- 3 |  4- 6 |  7- 9 || total
-------------------------+-------+-------+-------++-------
Melee: Unarmed           |   156 |   384 |   117 ||   657
  Use: Scroll            |       |    11 |     3 ||    14
       Potion            |       |       |     3 ||     3
  Eat: Chunk             |     7 |    27 |     3 ||    37
       Ration            |       |       |     1 ||     1
Armor: Scale mail        |    75 |   166 |    60 ||   301
Dodge: Dodged            |    41 |   144 |    54 ||   239
Block: Shield            |    82 |   210 |    71 ||   363
